 Dungeon Crawl Stone Soup version 0.31-a0-667-g39726597b9 (webtiles) character file.

Game seed: 14641726912869802483

3035 garrulousMonolith the Ruffian (level 9, 0/41 (44) HPs)
             Began as an Octopode Shapeshifter on Sept 3, 2023.
             Was an Initiate of Gozag.
             Slain by a wight
             ... wielding a +3 battleaxe
              (2 damage)
             ... on level 9 of the Dungeon.
             The game lasted 00:14:08 (9504 turns).

garrulousMonolith the Ruffian (OpSh)                Turns: 9504, Time: 00:14:09

HP:   0/41 (44)     AC:  1    Str: 22    XL:     9   Next: 86%
MP:   9/9           EV: 15    Int: 18    God:    Gozag
Gold: 542           SH:  0    Dex: 13    Spells: 7/8 levels left

rFire   . . .        b - melded +3 whip (elec)
rCold   . . .        (shield currently unavailable)
rNeg    . . .        (helmet restricted)
rPois   .            s - amulet of the acrobat
rElec   .            y - +6 ring of intelligence
rCorr   .            D - ring of willpower
SInv    .            n - +6 ring of strength
Will    +....        (no ring)
Stlth   ++++         (no ring)
HPRegen 0.26/turn    (no ring)
MPRegen 0.11/turn    (no ring)
                     (no ring)

%: acrobat
@: about to teleport, blade tentacles, gold aura, drained
A: reduced hp, almost no armour, amphibious, 8 rings, camouflage 1, gelatinous
body 1, (nimble swimmer 1), tentacles
a: Begin Untransformation, Renounce Religion, Potion Petition, Call Merchant,
Bribe Branch


You were on level 9 of the Dungeon.
You worshipped Gozag.
Gozag was pleased with you.
You had blades for main tentacles.
You visited 2 branches of the dungeon, and saw 10 of its levels.

You collected 681 gold pieces.
You paid 139 gold pieces to Gozag.

Inventory:

Hand Weapons
 a - a +2 dagger of venom
 b - a +3 whip of electrocution (melded)
Missiles
 j - 23 poisoned darts (quivered)
Jewellery
 f - a ring of fire
 n - a +6 ring of strength (on tentacle)
 s - an amulet of the acrobat (around mantle)
 y - a +6 ring of intelligence (left blade tentacle)
 D - a ring of willpower (right blade tentacle)
Talismans
 c - a flux talisman
 g - a maw talisman
 t - a blade talisman (active)
 B - a beast talisman
Wands
 h - a wand of acid (27)
 k - a wand of mindburst (9)
 p - a wand of flame (8)
 E - a wand of iceblast (9)
Scrolls
 d - 2 scrolls of enchant armour
 e - a scroll of fog
 i - a scroll of immolation
 l - a scroll of poison {unknown}
 m - 2 scrolls of fear
 o - a scroll of vulnerability
 r - a scroll of enchant weapon
 v - a scroll of amnesia
 w - 3 scrolls of summoning
 x - 2 scrolls of teleportation
Potions
 q - a potion of cancellation {unknown}
 z - a potion of enlightenment
 A - 2 potions of magic
 H - 2 potions of mutation


   Skills:
 + Level 5.2 Fighting
 + Level 5.4 Dodging
 + Level 6.9 Stealth
 * Level 7.7 Unarmed Combat
 * Level 7.2 Shapeshifting


You had 7 spell levels left.
You knew the following spells:

 Your Spells              Type           Power      Damage    Failure   Level
a - Freeze                Ice            0%         1d3       22%         1

Your spell library contained the following spells:

 Spells                   Type           Power      Damage    Failure   Level
 Slow                     Hex            0%         N/A       22%         1
 Cigotuvi's Dreadful Rot  Necr/Pois/Air  0%         N/A       32%         2
 Wereblood                Tmut           0%         N/A       32%         2
 Call Canine Familiar     Summ           0%         N/A       54%         3
 Confusing Touch          Hex            0%         N/A       54%         3
 Frozen Ramparts          Ice            0%         1d1       54%         3
 Hailstorm                Conj/Ice       0%         3d3       54%         3
 Ignite Poison            Fire/Tmut/Pois 0%         N/A       54%         3
 Mephitic Cloud           Conj/Pois/Air  0%         N/A       54%         3
 Summon Guardian Golem    Hex/Summ       0%         N/A       54%         3
 Vampiric Draining        Necr           0%         2d6       54%         3
 Volatile Blastmotes      Fire/Tloc      0%         2d10      54%         3
 Fulminant Prism          Conj/Hex       0%         3d5       91%         4
 Iskenderun's Mystic Bla  Conj/Tloc      0%         2d3       91%         4
 Leda's Liquefaction      Hex/Erth       0%         N/A       91%         4
 Sticky Flame             Conj/Fire      0%         2d3       91%         4
 Irradiate                Conj/Tmut      0%         3d11      99%         5
 Lee's Rapid Deconstruct  Erth           0%         3d4*      99%         5
 Leda's Unmaking          Conj/Erth      0%         9d1       100%        6
 Ignition                 Fire           0%         3d3       100%        8


Dungeon Overview and Level Annotations

Branches:
Dungeon (9/15)             Temple (1/1) D:7
   Lair: D:8-11         Orc: D:9-12

Altars:
Ashenzari
Cheibriados
Dithmenos
Elyvilon
Fedhas
Gozag
Hepliaklqana
Kikubaaqudgha
Makhleb
Nemelex Xobeh
Okawaru
Qazlal
Ru
Sif Muna
Trog
Uskayaw
Vehumet
Wu Jian
Xom
Yredelemnul
Zin
The Shining One

Annotations:
D:3 1 runed translucent door, Crazy Yiuf


Innate Abilities, Weirdness & Mutations

You have blades for main tentacles.
Your maximum health is decreased, since you lack skill for your form.
You are incapable of wielding weapons or throwing items.
You cannot wear most types of armour.
You are amphibious.
You can wear up to eight rings at the same time.
Your skin changes colour to match your surroundings (Stealth+).
Your rubbery body absorbs attacks. (AC +1, EV +1)
((You are camouflaged when in or above water. (Stealth+)))
You have tentacles for arms and can constrict up to eight enemies at once.


Message History

You kill the killer bee!
No target in view!
No target in view!
No target in view!
You now have 523 gold pieces (gained 6).
You now have 537 gold pieces (gained 14).
You now have 542 gold pieces (gained 5).
You open the door.
There is an open door here.
There is an open door here. 2 wights come into view.
There are monsters nearby!
There are monsters nearby!
A wight comes into view. It is wielding a +6 long sword.
A wight comes into view. It is wielding a +4 scimitar.
A wight comes into view. It is wielding a +0 war axe.
You slice the wight!!
You destroy the wight!
The wight hits you with a +3 battleaxe!!
You feel drained.
You are too injured to fight recklessly!
You are too injured to fight recklessly!
You are too injured to fight recklessly!
You are too injured to fight recklessly!
The wight closely misses you. The wight completely misses you.
Things that are here:
8 gold pieces; a +1 falchion; a +0 robe You closely miss the wight.
Your grab misses the wight. The wight closely misses you.
The wight hits you with a +6 long sword!
* * * LOW HITPOINT WARNING * * *
The wight closely misses you.
Okay, then.
Okay, then.
As you read the scroll of teleportation, it crumbles to dust.
You feel strangely unstable. The wight hits you with a +3 battleaxe!
* * * LOW HITPOINT WARNING * * *
You feel drained.
You die...
Your body crumbles into a pile of gold.

#...... #.# #.#......
#.# #.#...... #.#
#.######. #.# #......##
### #.#####........
....######..............
......z.................
....z.z@................
######.z..........#####.
#............# #.
###..........# #.
#..........# #.
#..........#
#..........#
#..........#
############


You could see 4 wights.

Vanquished Creatures
  A wyvern (D:7)
  2 steam dragons
  A water moccasin (D:6)
  4 orc warriors
  A centaur (D:8)
  2 phantoms
  A kobold brigand (D:8)
  2 scorpions (D:5)
  2 bullfrogs (D:7)
  7 wights
  4 killer bees (D:9)
  A hound (D:5)
  2 jellies
  7 orc priests
  2 sleepcaps
  Ijyb (D:3)
  7 iguanas
  Natasha (thrice) (D:3)
  7 orc wizards
  Robin (D:3)
  9 adders
  4 shadow imps
  A white imp (D:6)
  6 dart slugs
  2 worms
  29 orcs
  3 ball pythons
  7 bats
  5 endoplasms
  2 giant cockroaches
  7 goblins
  13 hobgoblins
  5 kobolds
  4 quokkas
  3 frilled lizards (D:1)
  A rat (D:2)
159 creatures vanquished.

Notes
Turn   | Place    | Note
-------+----------+-------------------------------------------
     0 | D:1      | garrulousMonolith the Octopode Shapeshifter began the quest
                  | for the Orb.
     0 | D:1      | Reached XP level 1. HP: 13/13 MP: 1/1
   124 | D:1      | Reached XP level 2. HP: 18/18 MP: 2/2
   734 | D:2      | Reached XP level 3. HP: 23/23 MP: 3/3
   804 | D:2      | Reached skill level 1 in Stealth
  1568 | D:3      | Reached XP level 4. HP: 19/28 MP: 4/4
  1816 | D:3      | Reached XP level 5. HP: 26/34 MP: 5/5
  2136 | D:3      | Found a runed translucent door.
  2137 | D:3      | Noticed Crazy Yiuf
  2449 | D:3      | Noticed Ijyb
  2826 | D:3      | Noticed Natasha
  2835 | D:3      | Killed Natasha
  2836 | D:3      | Reached XP level 6. HP: 27/39 MP: 6/6
  3054 | D:3      | Killed Ijyb
  3054 | D:3      | Noticed Robin
  3058 | D:3      | Noticed Natasha
  3072 | D:3      | Killed Natasha
  3334 | D:4      | Found a hazy altar of Hepliaklqana.
  3335 | D:4      | Found a burning altar of Makhleb.
  3369 | D:3      | Killed Robin
  3369 | D:3      | Noticed Natasha
  3378 | D:3      | Killed Natasha
  3530 | D:4      | Found a broken altar of Ashenzari.
  3531 | D:4      | Found a glowing golden altar of the Shining One.
  3532 | D:4      | Found a hide-covered altar of Uskayaw.
  3532 | D:4      | Found a basalt altar of Yredelemnul.
  3533 | D:4      | Found a stormy altar of Qazlal.
  3534 | D:4      | Found a shimmering altar of Xom.
  3534 | D:4      | Found a white marble altar of Elyvilon.
  3535 | D:4      | Found a shimmering blue altar of Sif Muna.
  3835 | D:4      | Reached XP level 7. HP: 39/45 MP: 7/7
  4285 | D:5      | Entered Level 5 of the Dungeon
  4672 | D:5      | Reached skill level 5 in Unarmed Combat
  4864 | D:5      | Reached skill level 5 in Shapeshifting
  5320 | D:5      | Learned a level 1 spell: Freeze
  5348 | D:6      | Reached XP level 8. HP: 52/52 MP: 8/8
  5997 | D:6      | Got Wotwacup's Grimoire of Fulgurous Leadership
  6037 | D:6      | Found a bloodstained altar of Trog.
  6075 | D:6      | Reached skill level 5 in Stealth
  6853 | D:7      | Noticed a wyvern
  6866 | D:7      | Killed a wyvern
  6867 | D:7      | Reached XP level 9. HP: 22/59 MP: 9/9
  7428 | D:7      | Found a staircase to the Ecumenical Temple.
  7443 | Temple   | Entered the Ecumenical Temple
  7461 | Temple   | Became a worshipper of Gozag Ym Sagoz the Greedy
  8384 | D:8      | Reached skill level 5 in Dodging
  8988 | D:8      | Reached skill level 5 in Fighting
  9504 | D:9      | HP: 2/42 [wight/+3 battleaxe (10)]
  9504 | D:9      | Slain by a wight

Illustrated notes

Levels and vault maps discovered:
D:1:      beargit_arrival_greenhouse, layout_loops_ring
D:2:      layout_basic, kennysheep_generic_room_7
D:3:      layout_basic, nicolae_goblin_pals, uniq_crazy_yiuf_cottage,
          uniq_natasha
D:4:      minmay_inner_zag, layout_rooms, nicolae_overflows_in_rows,
          serial_bayou, serial_bayou_pond_c, serial_bayou_pond_a,
          serial_bayou_pond_d, serial_bayou_shore_b
D:5:      layout_gridville
D:6:      layout_cave_pools, trog_hazing_becter
D:7:      layout_loops_ring, minmay_temple_entry_grid, serial_aquarium,
          aquarium_bridge_square [aquarium_subvault_bridge,
          aquarium_subvault_wall, aquarium_subvault_bridge,
          aquarium_subvault_wall], aquarium_window_corner,
          aquarium_window_corner, aquarium_window_corridor_1,
          aquarium_window_corner, aquarium_view_2d, aquarium_view_2b
D:8:      layout_cave_pools, st_stairs_6
D:9:      layout_irregular_city, kennysheep_generic_room_15
Temple:   nicolae_temple_ecumenical_triangle

Skill      XL: |  1  2  3  4  5  6  7  8  9 |
---------------+----------------------------+-----
Stealth        | 1 2 3 4 5 6 |  6.9
Fighting       | 2 3 4 5 |  5.2
Unarmed Combat | 4 5 6 7 |  7.7
Shapeshifting  | 4 5 6 7 |  7.2
Dodging        | 3 4 5 |  5.4

Action                     |  1- 3 |  4- 6 |  7- 9 || total
---------------------------+-------+-------+-------++-------
  Melee: Unarmed           |    58 |   117 |    55 ||   230
         Constrict         |    15 |    27 |    45 ||    87
         Tentacles         |     8 |    16 |    46 ||    70
         Punch             |     4 |     3 |     7 ||    14
         Whip              |       |       |   147 ||   147
  Throw: Dart              |       |     1 |     3 ||     4
  Evoke: Wand              |       |       |     2 ||     2
    Use: Scroll            |     2 |     3 |    18 ||    23
         Potion            |     1 |     2 |     5 ||     8
   Stab: Sleeping          |    10 |     7 |     8 ||    25
         Invisible         |       |       |     3 ||     3
 Armour: Skin              |    32 |    55 |   109 ||   196
  Dodge: Dodged            |    44 |    42 |   157 ||   243
   Form: Beast             |       |       |     1 ||     1
         Flux              |       |       |     1 ||     1
         Blade             |       |       |     1 ||     1

Table legend: (Time is in decaauts)
 A = Elapsed time spent in this place.
 B = Non-inter-level travel time spent in this place.
 C = Inter-level travel time spent in this place.
 D = Time resting spent in this place.
 E = Time spent auto-exploring this place.
 F = Levels seen in this place.
 G = Mean time per level.
                   A        B        C        D        E       F      G
               +--------+--------+--------+--------+--------+-----+--------+
         Total |   9481 |   9173 |    308 |   3310 |   4536 |  10 |  948.1 |
       Dungeon |   9445 |   9154 |    291 |   3310 |   4536 |   9 | 1049.4 |
        Temple |     35 |     18 |     17 |      0 |      0 |   1 |   35.0 |
               +--------+--------+--------+--------+--------+-----+--------+

Top non-repeatable levels by time:
     D:7: 1904 daAuts
     D:3: 1734 daAuts
     D:2: 1060 daAuts
     D:5: 1042 daAuts
     D:8: 1025 daAuts
     D:6: 1009 daAuts
     D:4: 791 daAuts
     D:1: 670 daAuts
     D:9: 206 daAuts
  Temple: 35 daAuts
